 Dungeon Crawl Stone Soup version 0.22-a0-455-ga0624bf (webtiles) character file.

88 Darkstone the Bolt Thrower (level 4, -4/28 HPs)
             Began as a Kobold Hunter on June 4, 2018.
             Killed by nerve-wracking pain
             ... invoked by Grinder
              (13 damage)
             ... on level 3 of the Dungeon.
             The game lasted 00:22:57 (2444 turns).

Darkstone the Bolt Thrower (Kobold Hunter)          Turns: 2444, Time: 00:22:57

Health: -4/28      AC:  6    Str: 10    XL:     4   Next: 82%
Magic:  4/4        EV: 12    Int: 12    God:
Gold:   92         SH:  0    Dex: 15    Spells: 3/3 levels left

rFire    . . .     SeeInvis .   k - +0 hunting sling
rCold    . . .     Gourm    .   (shield restricted)
rNeg     . . .     Faith    .   o - +0 scale mail
rPois    .         Spirit   .   (no helmet)
rElec    .         Reflect  .   (no cloak)
rCorr    .         Harm     .   (no gloves)
MR       .....                  (no boots)
Stlth    +.........             (no amulet)
HPRegen  0.09/turn              (no ring)
MPRegen  0.09/turn              (no ring)

@: no status effects
A: small, carnivore
a: no special abilities


You were on level 3 of the Dungeon.
You were completely stuffed.

You visited 1 branch of the dungeon, and saw 3 of its levels.

You collected 92 gold pieces.

Inventory:

Hand Weapons
 a - a +1 hand crossbow
 b - a +0 short sword
 k - a +0 hunting sling (weapon)
Missiles
 e - 57 arrows
 m - 6 bolts
 n - 67 stones (quivered)
Armour
 o - a +0 scale mail (worn)
Scrolls
 d - a scroll of remove curse {unknown}
 f - 2 scrolls of magic mapping {unknown}
 j - 3 scrolls of identify {unknown}
 l - a scroll of fear {unknown}
 p - 2 scrolls of amnesia {unknown}
Potions
 c - a potion of agility {unknown}
 h - a potion of haste {unknown}
 i - 2 potions of curing {unknown}
 q - a potion of magic {unknown}
 r - 2 potions of flight {unknown}
Comestibles
 g - 8 rations
 s - 3 chunks of flesh


   Skills:
 + Level 3.0 Fighting
 * Level 5.6 Crossbows
 + Level 3.3 Dodging
 + Level 3.3 Stealth


You had 3 spell levels left.
You didn't know any spells.
Your spell library was empty.

Dungeon Overview and Level Annotations

Branches:
Dungeon (3/15)

Altars:
Ashenzari
Hepliaklqana
Xom

Annotations:
D:3 Grinder, Sigmund


Innate Abilities, Weirdness & Mutations

You are small and have problems with some larger weapons.
You are carnivorous and can eat meat at any time.


Message History

The kobold hits you but does no damage.
Found a fuming purple potion.
Found a stone staircase leading down.
The kobold barely misses you.
Found a blackened fluorescent wand.
The goblin shoots a stone.
The stone hits you.
A bat comes into view.
There is a stone staircase leading down here.
Firing (i - inventory)
n - 68 stones (quivered)
Press: ? - help, Shift-Dir - straight line, f/p - worm
Aim: a worm You shoot a stone.
The stone barely misses the kobold.
The stone hits the worm.
The worm is lightly wounded.
The kobold hits you. The kobold barely misses you.
Grinder shouts!
The bat closely misses you. The bat closely misses you.
Grinder gestures at you. Pain shoots through your body!
You die...

...... ......
##........# ......
............
......
.............
...@..
#............
......
##....../.....
...... #
.............
......
..##.##..>........
..w...
.......@o.........
......
...#..5.b.o...!...
.......##KK...#.
...#.%..##.#l## ..
#.<#..#g#.# # ....
#.....#######
.#..#
#.^...(.....# #..
#....o......# #.
....#..
#..##(......#


You could see Grinder, 3 orcs, a goblin, a bat, 2 kobolds and a frilled lizard.

Vanquished Creatures
  2 adders (D:2)
  2 oozes (D:1)
  A worm (D:3)
  2 dart slugs
  4 leopard geckos
  7 bats
  2 giant cockroaches
  9 goblins
  5 hobgoblins
  3 jackals (D:1)
  6 kobolds
  A quokka (D:2)
  2 frilled lizards (D:1)
  2 rats (D:1)
  5 plants (D:1)
53 creatures vanquished.

Vanquished Creatures (others)
  A plant (D:1)
1 creature vanquished.

Grand Total: 54 creatures vanquished

Notes
Turn   | Place    | Note
-------+----------+-------------------------------------------
     0 | D:1      | Darkstone the Kobold Hunter began the quest for the Orb.
     0 | D:1      | Reached XP level 1. HP: 12/12 MP: 1/1
    35 | D:1      | Reached XP level 2. HP: 18/18 MP: 2/2
   290 | D:1      | Reached skill level 5 in Crossbows
   842 | D:1      | Found a shattered altar of Ashenzari.
   864 | D:1      | Reached XP level 3. HP: 22/22 MP: 3/3
  1554 | D:2      | Reached XP level 4. HP: 27/27 MP: 4/4
  1856 | D:2      | Found a hazy altar of Hepliaklqana.
  1858 | D:2      | Found a shimmering altar of Xom.
  1858 | D:2      | Noticed a boggart
  1859 | D:2      | Noticed a spectral ugly thing
  1859 | D:2      | Noticed a boggart
  2214 | D:3      | Noticed Grinder
  2241 | D:3      | Noticed Sigmund
  2444 | D:3      | Killed from afar by Grinder

Vault maps used:
D:1:      roderic_crop_circles_arrival_small, wad_floor_pattern_2,
          ashenzari_altar_1
D:2:      regret_index_temple_of_mockery, first_ration
D:3:      corexii_leaking_fountain, minmay_misc_feat_cross, uniq_sigmund,
          uniq_grinder

Skill      XL: |  1  2  3  4 |
---------------+-------------+-----
Stealth        | 2 3 |  3.3
Crossbows      | 5 |  5.6
Dodging        | 3 |  3.3
Fighting       | 3 |  3.0

Action                   |  1- 3 |  4- 6 || total
-------------------------+-------+-------++-------
Melee: Short sword       |   425 |       ||   425
 Fire: Hand crossbow     |    73 |    32 ||   105
       Hunting sling     |       |    14 ||    14
  Eat: Chunk             |     6 |     6 ||    12
       Ration            |     1 |       ||     1
Armor: Leather armour    |    15 |       ||    15
       Scale mail        |     4 |    13 ||    17
Dodge: Dodged            |    61 |    33 ||    94

Table legend:
 A = Spawn XP
 B = Non-spawn XP
 C = Spawn XP percentage of total XP
 D = Spawn monster count
 E = Non-spawn monster count
 F = Spawn count percentage of total count
 G = Total turns spent on level
                    A         B        C        D         E        F      G
               +---------+---------+-------+---------+---------+-------+---------
         Total |       0 |     127 |   0.0 |       0 |      48 |   0.0 |  2444
               +---------+---------+-------+---------+---------+-------+---------
           D:1 |       0 |      66 |   0.0 |       0 |      31 |   0.0 |  1544
           D:2 |       0 |      48 |   0.0 |       0 |      12 |   0.0 |   817
           D:3 |       0 |      13 |   0.0 |       0 |       5 |   0.0 |    83
               +---------+---------+-------+---------+---------+-------+---------
